Cogmind - Beta 16 @@@ ROGUE MODE // 2026.01.26 @ 16:24:13 Player: Skergy Result: Destroyed by P-70 Sage with Tesla Rifle Performance ------------- Evolutions (5) 2500 Regions Visited (14) 2800 Robots Destroyed (73) 365 Value Destroyed (2394) 2394 Prototype IDs (34) 680 Alien Tech Used (0) 0 Bonus (2542) 2542 TOTAL SCORE: 11281 Bonus ------- Follower Combat Kills 601 Met Imprinter 300 Was Imprinted 300 Met Warlord at Base 500 MAIN.C Attacked Warlord 500 Warlord Defense Kills 668 Friendly Fire -327 Cogmind --------- Core Integrity 0/1000 Matter 300/300 Energy 98/100 System Corruption 1% Temperature Cool (0) Movement Core (50) Location -4/Proximity Caves Parts ------- > --- POWER (2) -------- (None) > --- PROPULSION (5) --- (None) > --- UTILITY (7) ------ Machine Analyzer Enhanced Optical Array Advanced Signal Interpreter 0b10 Decoder Chip [Generic] Makeshift System Shield > --- WEAPON (3) ------- (None) > --- INVENTORY (5) ---- Improved Thermal Shield Hacking Drone Bay (1/1) Improved Remote Datajack Vortex Lance (40) Vortex Lance (40) Peak State ------------ > --- POWER ------------ Neutrino Core > --- PROPULSION ------- Medium Treads Spiked Medium Treads Carbon-fiber Leg VTOL Module Surge Thruster > --- UTILITY ---------- Enhanced Optical Array Advanced Sensor Array Advanced Signal Interpreter Improved Transmission Jammer Hacking Suite Makeshift System Shield Hacking Drone Bay > --- WEAPON ----------- Disruptor Cannon Gauss Cannon Enhanced Gauss Cannon > --- INVENTORY -------- Improved Trap Scanner Makeshift ECM Suite Makeshift Light Armor Plating Improved Remote Datajack Makeshift Hammer [Rating: 78] Favorites ----------- Power Light Nuclear Core Engine Improved Ion Engine Power Core Light Nuclear Core Propulsion VTOL Module Treads Light Treads Leg Carbon-fiber Leg Hover Unit Backup Propulsion III Flight Unit VTOL Module Utility Hacking Suite Device Advanced Sensor Array Storage Huge Storage Unit Processor Advanced Signal Interpreter Hackware Hacking Suite Protection Makeshift Light Armor Plating Weapon Makeshift Hammer Energy Gun Improved EM Shotgun Energy Cannon Light EM Pulse Cannon Ballistic Gun Assault Rifle Ballistic Cannon Enhanced Gauss Cannon Launcher Vortex Catalyst Activator Special Weapon Improved Remote Datajack Impact Weapon Makeshift Hammer Piercing Weapon Makeshift Spear Special Melee Weapon Datajack Build | -11 -10 -9 -8 -7 -6 -6 -6 -6 -5 -5 -5 -5 -5 -4 ------- Run | Yrd Mat Mat Mat Fac Fac Low Low Zio Pro Fac Upp Upp War Pro Slots Evolved 10 | . . 2 2 2 2 . . . . 2 . . . . Power 1 | . . . . . 1 . . . . . . . . . Propulsion 3 | . . 1 1 1 . . . . . . . . . . Utility 5 | . . 1 1 1 1 . . . . 1 . . . . Weapon 1 | . . . . . . . . . . 1 . . . . Parts Attached 115 | 7 10 17 13 6 15 5 1 6 4 10 8 4 7 2 Power 13 | 2 1 1 . 1 3 . 1 . 1 1 1 1 . . Engine 8 | 2 1 1 . 1 1 . . . . 1 . 1 . . Core 5 | . . . . . 2 . 1 . 1 . 1 . . . Reactor . | . . . . . . . . . . . . . . . Propulsion 41 | 2 1 6 9 1 7 3 . 2 1 5 2 2 . . Treads 14 | 2 1 5 . . . . . 1 1 1 2 1 . . Leg 4 | . . 1 . . . . . 1 . 1 . 1 . . Wheel . | . . . . . . . . . . . . . . . Hover . | . . . . . . . . . . . . . . . Flight 23 | . . . 9 1 7 3 . . . 3 . . . . Utility 36 | 1 3 6 2 2 5 1 . 2 2 1 5 . 4 2 Device 13 | . 1 3 . 1 2 1 . 1 1 1 1 . . 1 Storage 4 | 1 2 . . . . . . . . . 1 . . . Processor 7 | . . 2 1 . 2 . . . . . 1 . 1 . Hackware 4 | . . . 1 . 1 . . . 1 . . . . 1 Protection 8 | . . 1 . 1 . . . 1 . . 2 . 3 . Artifact . | . . . . . . . . . . . . . . . Weapon 25 | 2 5 4 2 2 . 1 . 2 . 3 . 1 3 . Energy Gun 4 | . 1 3 . . . . . . . . . . . . Energy Cannon 2 | . . 1 . . . . . . . 1 . . . . Ballistic Gun 5 | 2 1 . 1 1 . . . . . . . . . . Ballistic Cannon 3 | . . . . 1 . . . . . 1 . 1 . . Launcher 3 | . 1 . 1 . . . . . . . . . 1 . Special Weapon 1 | . . . . . . . . . . 1 . . . . Impact Weapon 2 | . 1 . . . . . . 1 . . . . . . Slashing Weapon . | . . . . . . . . . . . . . . . Piercing Weapon 3 | . . . . . . . . 1 . . . . 2 . Special Melee Weapon 2 | . 1 . . . . 1 . . . . . . . . Unidentified Prototypes 5 | . . 2 . . . . . . 1 . . . 2 . Corrupted Parts 5 | . . 2 . . . 1 . . 1 . . 1 . . System Corruption 28 | . . 12 . . . 6 . . 4 . . 6 . . Parts Lost 66 | . 3 4 6 1 4 7 5 . . 5 12 11 6 2 Power 9 | . . . . . . 1 2 . . . 1 3 2 . Propulsion 32 | . 1 1 6 . 2 4 2 . . 4 6 4 1 1 Utility 16 | . 1 2 . 1 2 1 . . . 1 3 2 3 . Weapon 9 | . 1 1 . . . 1 1 . . . 2 2 . 1 Highest Loss Streak 10 | . 1 3 5 1 2 6 5 . . 5 10 6 6 2 To Critical Strikes . | . . . . . . . . . . . . . . . Average Backups 7 | 1 12 23 16 4 4 4 5 4 4 4 4 4 4 5 Power . | . 2 4 3 . . . . . . . . . . . Propulsion 1 | . 4 8 4 . 1 2 2 . . . . . . . Utility 2 | . 2 4 3 1 1 1 2 3 3 2 1 3 2 2 Weapon 1 | . 2 4 4 1 1 1 1 1 . . 1 . 1 2 Tool/Special . | . . . . . . . . . . . . . . . Unused Backups 24 | . 2 7 6 . 3 . 1 1 1 . . 1 . 2 Power 3 | . . . 3 . . . . . . . . . . . Propulsion 8 | . . 7 . . 1 . . . . . . . . . Utility 8 | . 1 . 1 . 1 . 1 1 1 . . 1 . 1 Weapon 4 | . 1 . 2 . . . . . . . . . . 1 Tool/Special 1 | . . . . . 1 . . . . . . . . . Average Slot Usage (%) 84 | . 98 92 72 90 96 90 84 79 88 94 75 67 68 39 Engine 5 | . 14 11 4 6 3 . . . . 2 3 4 9 . Core 2 | . . . . . 8 9 7 . 2 5 4 3 . . Treads 10 | . 27 30 13 . . . . 5 11 10 9 8 . . Leg 1 | . . 1 . . . . . 5 6 5 2 . . . Flight 10 | . . . 16 29 31 27 24 13 13 10 5 . . . Device 6 | . 12 5 . 3 6 12 12 6 6 11 6 2 3 2 Storage 3 | . 14 11 6 . . . . . . . . . . . Processor 11 | . . 4 11 15 13 13 13 13 13 11 13 17 21 23 Hackware 7 | . . . . 7 12 13 13 13 13 11 8 5 4 3 Protection 4 | . . 5 4 9 5 . . 5 6 3 3 7 5 . Energy Gun 1 | . 4 9 4 . . . . . . . . . . . Energy Cannon 1 | . . 6 4 . . . . . . 3 2 . . . Ballistic Gun 2 | . 15 2 1 6 . . . . . . . . . . Ballistic Cannon 1 | . . . . . . . . . 5 10 5 6 . . Launcher 1 | . 5 . 2 1 . . . . . . . . 3 . Impact Weapon 3 | . 2 2 . 5 5 6 6 5 6 . 2 5 1 . Piercing Weapon 1 | . . . . . . . . 5 . . . . 4 4 Special Melee Weapon 1 | . 1 1 . . 5 5 4 . . . . . . . Peak Build Rating 78 | 6 12 19 21 27 48 51 48 48 59 78 78 68 74 38 Average Rating 40 | 4 9 15 14 24 40 45 43 47 54 74 58 58 59 32 On Entrance 32 | . 6 11 17 17 27 48 45 30 48 59 78 54 22 28 Avg Prop Armor Cover (%) 18 | . . 6 8 . 8 . . 23 18 7 6 . . . Naked Turns . | . . . . . . . . . . . . . . . Heaviest Build 100 | 14 93 100 98 20 25 19 18 10 29 60 60 66 37 7 Greatest Support 76 | 40 40 60 60 20 25 21 18 28 56 56 56 76 16 8 Greatest Overweight (x) 12 | . 2 2 2 . 6 . . 3 1 2 1 12 2 . Average Overweight (x) . | . . 1 . . . . . . . . . . . . Largest Inventory Capacity 25 | 8 25 25 25 5 5 5 5 5 5 5 5 5 5 5 Average Capacity 8 | 6 15 25 17 5 5 5 5 5 5 5 5 5 5 5 Most Carried 25 | 4 23 25 24 5 5 5 5 5 5 5 5 5 5 5 Average Carried 7 | 1 12 23 16 4 4 4 4 4 4 4 4 4 4 4 Final Capacity 25 | 8 25 25 5 5 5 5 5 5 5 5 5 5 5 5 Final Carried 24 | 4 23 24 4 5 4 5 5 5 5 5 5 5 5 5 Class Distribution -------------------- 36% | Mutant 20% | Derelict-Assassin 9% | Scavenger-Mutant 9% | Scavenger-Sprinter 5% | Scavenger-Skirmisher 4% | Derelict-Mutant 3% | Commander-Sprinter Dominant Class ---------------- Mutant | -10/Materials Mutant | -9/Materials Mutant | -8/Materials Scavenger-Sprinter | -7/Factory Scavenger-Sprinter | -6/Factory Scavenger-Sprinter | -6/Lower Caves Scavenger-Scout | -6/Lower Caves Derelict-Assassin | -6/Zion Derelict-Assassin | -5/Proximity Caves Scavenger-Skirmisher | -5/Factory Scavenger-Skirmisher | -5/Upper Caves Scavenger-Mutant | -5/Upper Caves Mutant | -5/Warlord Derelict-Mutant | -4/Proximity Caves Resources | -11 -10 -9 -8 -7 -6 -6 -6 -6 -5 -5 -5 -5 -5 -4 ----------- Run | Yrd Mat Mat Mat Fac Fac Low Low Zio Pro Fac Upp Upp War Pro Matter Collected 2747 | 190 327 346 231 98 287 86 19 91 136 211 140 411 154 20 Remotely . | . . . . . . . . . . . . . . . Salvage Created 2744 | . 415 625 154 182 533 329 22 . 49 37 . 264 134 . Parts 117 | . 30 32 10 10 17 . . . 3 2 . 13 . . Haulers Intercepted 3 | . . 2 . 1 . . . . . . . . . . Recyclers Shooed 2 | . . 1 . . 1 . . . . . . . . . Parts Field Recycled . | . . . . . . . . . . . . . . . Retrieved Matter . | . . . . . . . . . . . . . . . Parts Self-Destructed 26 | . . . . . . 6 2 . 5 . . 13 . . Prevented 1 | . . . . . . . . . . . 1 . . . Parts Restored . | . . . . . . . . . . . . . . . Kills | -11 -10 -9 -8 -7 -6 -6 -6 -6 -5 -5 -5 -5 -5 -4 ------- Run | Yrd Mat Mat Mat Fac Fac Low Low Zio Pro Fac Upp Upp War Pro Combat Hostiles Destroyed 58 | . 17 10 5 1 7 2 . . 1 4 . 6 5 . Melee 4 | . . . 1 1 2 . . . . . . . . . Guns 15 | . 8 4 3 . . . . . . . . . . . Cannons 14 | . . 3 . . . . . . 1 4 . 6 . . AOE 15 | . 8 . . . 2 . . . . . . . 5 . Classes Destroyed 15 | . 4 4 . 1 3 . . . 1 . . . 2 . Worker 3 | . 1 . . . 2 . . . . . . . . . Builder 2 | . . 1 . . 1 . . . . . . . . . Hauler 3 | . . 2 . 1 . . . . . . . . . . Recycler 1 | . . . . . 1 . . . . . . . . . Operator 1 | . . . . . 1 . . . . . . . . . Watcher 5 | . 3 . . 2 . . . . . . . . . . Swarmer 21 | . 11 . 3 . 2 1 . . . 4 . . . . Grunt 19 | . 6 4 . . . 1 . . . . . 5 3 . Brawler 1 | . . 1 . . . . . . . . . . . . Protector 1 | . . . . . . . . . . . . . 1 . Sentry 9 | . . 5 2 . 1 . . . . . . 1 . . Specialist 2 | . . . . . 2 . . . . . . . . . Hunter 3 | . . . . 1 2 . . . . . . . . . Programmer 1 | . . . . . . . . . 1 . . . . . Executioner 1 | . . . . . . . . . . . . . 1 . Best Kill Streak 5 | . 4 3 3 2 4 1 . . 1 4 . 2 5 . Combat Bots Only 5 | . 4 2 3 1 4 1 . . 1 4 . 2 5 . Max Kills in Single Turn 4 | . 3 1 1 1 2 1 . . 1 1 . 1 4 . Gunslinging . | . . . . . . . . . . . . . . . Exploded 4 | . 3 . . . 2 . . . . . . . 4 . Melee 1 | . . . 1 1 1 . . . . . . . . . Uniques/NPCs Destroyed 1 | . . . . . 1 . . . . . . . . . 7R-MNS (-6/Factory) Combat | -11 -10 -9 -8 -7 -6 -6 -6 -6 -5 -5 -5 -5 -5 -4 -------- Run | Yrd Mat Mat Mat Fac Fac Low Low Zio Pro Fac Upp Upp War Pro Hostile Shots Fired 750 | . 84 81 56 27 24 37 55 . 7 65 129 104 55 26 Missed 251 | . 20 25 16 9 12 17 33 . 1 15 46 27 20 10 Hits 499 | . 64 56 40 18 12 20 22 . 6 50 83 77 35 16 Melee 5 | . . 3 . . . . . . . . 2 . . . Projectile 494 | . 64 53 40 18 12 20 22 . 6 50 81 77 35 16 AOE 2 | . . . . . 1 . . . 1 . . . . . Critical Strikes 14 | . . 2 1 . 1 1 . . 1 . 2 1 3 2 Actively Blocked 2 | . . . . . . . . . . . . . 2 . Part Disruptions 1 | . . . . . 1 . . . . . . . . . Damage Taken 7562 | . 615 669 434 158 334 383 299 . 163 745 1214 1494 729 325 Core 1512 | . 44 66 147 29 9 79 101 . 21 89 239 173 229 286 Absorbed by Shields 301 | . . 118 . 33 150 . . . . . . . . . Redirected to Shielding 162 | . . . . . . . . . . . . . 162 . Regen/Repaired (Parts) 63 | . . . . . . . . 36 . . . . 27 . Core Remaining (%) 84 | 100 82 83 73 95 . . . . 75 . . . . . Volleys Fired 134 | . 39 33 7 1 2 . . . 6 15 2 25 4 . Largest 3 | . 2 2 1 1 1 . . . 1 3 2 2 1 . Hottest 168 | . 85 130 25 28 40 . . . 40 168 121 95 20 . Shots Fired 226 | . 59 61 7 1 2 . . . 7 32 4 49 4 . Gun 104 | . 53 43 7 1 . . . . . . . . . . Cannon 108 | . . 18 . . 1 . . . 7 29 4 49 . . Launcher 10 | . 6 . . . 1 . . . . . . . 3 . Special 4 | . . . . . . . . . . 3 . . 1 . Kinetic 141 | . 43 7 7 1 1 . . . 7 24 2 49 . . Thermal 28 | . 10 18 . . . . . . . . . . . . Explosive 7 | . 6 . . . 1 . . . . . . . . . Electromagnetic 43 | . . 36 . . . . . . . 5 2 . . . Entropic 3 | . . . . . . . . . . . . . 3 . Robot Hit Streak 10 | . 10 9 9 3 . . . . 1 2 3 2 2 . Robot Miss Streak 7 | . 3 3 4 2 2 . . . 7 4 1 5 . . Penetration Max 1 | . . . . . . . . . . . . 1 . . Secondary Targets 2 | . 1 1 . . . . . . . . . . . . Max Gunslinging Chain 1 | . 1 1 . . . . . . . . . . . . Shots Hit Robots 194 | . 38 57 7 7 39 10 2 . 1 12 3 17 1 . Core Hits 81 | . 27 19 4 4 6 2 . . 1 4 1 7 6 . Critical Kills 7 | . . . . 1 2 1 . . . . . 3 . . Critical Parts Destroyed 14 | . 1 1 1 . 3 3 . . . . . 5 . . Critical Strikes 28 | . 1 3 1 1 5 4 . . 1 2 . 10 . . Burn 1 | . . 1 . . . . . . . . . . . . Destroy 8 | . . . . . . . . . . . . 8 . . Blast 5 | . . . . . . . . . 1 2 . 2 . . Corrupt 1 | . . 1 . . . . . . . . . . . . Smash 13 | . 1 1 1 1 5 4 . . . . . . . . Melee Attacks 135 | . 10 8 9 11 49 16 3 26 . . 1 2 . . Impact 105 | . 9 3 8 11 30 16 3 22 . . 1 2 . . Slashing . | . . . . . . . . . . . . . . . Piercing 4 | . . . . . . . . 4 . . . . . . Sneak Attacks 32 | . 1 7 1 1 21 1 . . . . . . . . Combat Hostiles 1 | . . . . . . 1 . . . . . . . . Follow-up Attacks . | . . . . . . . . . . . . . . . Damage Inflicted 7701 | . 1065 1223 164 262 1432 673 132 . 72 280 66 534 1798 . Guns 998 | . 419 513 49 17 . . . . . . . . . . Cannons 1225 | . . 273 . . . . . . 72 280 66 534 . . Explosions 2784 | . 551 220 . . 215 . . . . . . . 1798 . Melee 2693 | . 95 217 114 245 1217 673 132 . . . . . . . Ramming 1 | . . . 1 . . . . . . . . . . . Kinetic 1409 | . 361 62 49 17 . . . . 72 264 50 534 . . Thermal 498 | . 58 440 . . . . . . . . . . . . Explosive 766 | . 551 . . . 215 . . . . . . . . . Electromagnetic 536 | . . 504 . . . . . . . 16 16 . . . Impact 2693 | . 95 217 114 245 1217 673 132 . . . . . . . Slashing . | . . . . . . . . . . . . . . . Piercing . | . . . . . . . . . . . . . . . Entropic 1798 | . . . . . . . . . . . . . 1798 . Highest Corruption 13 | . . 13 . . 1 7 7 7 5 . . 6 6 1 Average Corruption 7 | . . 11 . . 1 6 7 7 4 . . 6 6 1 Corruption Purged . | . . . . . . . . . . . . . . . Corruption Blocked . | . . . . . . . . . . . . . . . Effects 91 | . . 36 . . 1 17 8 6 10 . . 13 . . Message Errors 19 | . . 8 . . . 4 1 . 3 . . 3 . . Matter Fused 20 | . . 8 . . . 2 1 2 4 . . 3 . . Heat Flow Errors 10 | . . 2 . . . 4 2 1 . . . 1 . . Energy Discharges 20 | . . 9 . . . 5 1 1 1 . . 3 . . Parts Rejected 1 | . . . . . . . . . . . . 1 . . Parts Fused 1 | . . . . . . . . . . . . 1 . . Data Loss (minor) 10 | . . 2 . . 1 2 1 2 1 . . 1 . . Data Loss (major) 4 | . . 2 . . . . 2 . . . . . . . Misfires 3 | . . 2 . . . . . . 1 . . . . . Alerts 2 | . . 2 . . . . . . . . . . . . Weapon Failures 1 | . . 1 . . . . . . . . . . . . Overload Shots . | . . . . . . . . . . . . . . . Overflow Damage 1249 | . 69 143 45 48 422 342 51 . . 16 . 20 93 . Projectiles 69 | . . 6 . . 3 24 . . . 16 . 20 . . Explosions 109 | . 16 . . . . . . . . . . . 93 . Melee 1071 | . 53 137 45 48 419 318 51 . . . . . . . Knockbacks 21 | . 1 . . 1 7 3 1 . . 3 1 4 . . Impact 11 | . 1 . . 1 6 2 1 . . . . . . . Kinetic 8 | . . . . . . . . . . 3 1 4 . . Secondary 2 | . . . . . 1 1 . . . . . . . . Self-Inflicted Damage 139 | . . . . . . . . . . . . . 139 . Shots 1 | . . . . . . . . . . . . . 1 . Rammed 1 | . . . 1 . . . . . . . . . . . Targets Rammed 1 | . . . 1 . . . . . . . . . . . Kicked . | . . . . . . . . . . . . . . . Crushed . | . . . . . . . . . . . . . . . Highest Temperature 477 | . 149 453 . 2 109 302 199 191 . 256 63 477 . . Average Temperature 82 | . 55 110 . 1 26 68 114 111 . 113 28 161 . . Received Heat Transfer 1740 | . 180 240 117 38 71 150 53 . 12 . 339 462 78 . Effects 4 | . . 1 . . . 1 . . . . . 2 . . Shutdowns 1 | . . . . . . . . . . . . 1 . . Energy Bleed 1 | . . . . . . 1 . . . . . . . . Interference 1 | . . 1 . . . . . . . . . . . . Matter Decay 1 | . . . . . . . . . . . . 1 . . Siege Activations . | . . . . . . . . . . . . . . . Martial Activations . | . . . . . . . . . . . . . . . Shielding Activations . | . . . . . . . . . . . . . . . Robots Disrupted . | . . . . . . . . . . . . . . . Combat Hostiles . | . . . . . . . . . . . . . . . Robots Corrupted 15 | . 1 4 1 2 5 2 . . . . . . . . Combat Hostiles 10 | . 1 3 1 . 3 2 . . . . . . . . Parts Fried 16 | . 2 3 2 1 7 1 . . . . . . . . Impact Corruptions 35 | . 2 3 2 3 12 10 3 . . . . . . . Robots Melted . | . . . . . . . . . . . . . . . Combat Hostiles . | . . . . . . . . . . . . . . . Parts Melted 3 | . . 2 . . . . . . . . . . 1 . Heat Transferred 1090 | . 148 942 . . . . . . . . . . . . Parts Sabotaged . | . . . . . . . . . . . . . . . Parts Stolen . | . . . . . . . . . . . . . . . Parts Stripped . | . . . . . . . . . . . . . . . Power Chain Reactions 3 | . . 3 . . . . . . . . . . . . Alert | -11 -10 -9 -8 -7 -6 -6 -6 -6 -5 -5 -5 -5 -5 -4 ------- Run | Yrd Mat Mat Mat Fac Fac Low Low Zio Pro Fac Upp Upp War Pro Maximum Alert Level 1 | . . . . . 1 . . . . . . . . . Low Security (%) 91 | 100 100 100 100 100 60 . . . . 100 . . . . Level 1 8 | . . . . . 39 . . . . . . . . . Level 2 . | . . . . . . . . . . . . . . . Level 3 . | . . . . . . . . . . . . . . . Level 4 . | . . . . . . . . . . . . . . . Level 5 . | . . . . . . . . . . . . . . . High Security . | . . . . . . . . . . . . . . . Max Security . | . . . . . . . . . . . . . . . Peak Influence 353 | . 151 128 55 35 353 . . . . 76 . . . . Initial 59 | . . 59 4 16 . . . . . . . . . . Average 57 | . 46 43 12 6 149 . . . . 10 . . . . Influence Increases 2846 | . 558 344 199 86 733 197 125 . 91 148 30 250 85 . Destroy 0b10 Robot/C 1520 | . 340 200 100 20 360 140 . . 60 100 . 120 80 . Destroy 0b10 Robot/NC 120 | . 20 15 . 20 45 10 5 . . . . . 5 . Destroy Leader 300 | . 76 64 30 16 64 20 . . 10 10 . 10 . . Allied During Kill 223 | . . . . . 171 27 . . 21 4 . . . . Successful Hack 103 | . 33 35 9 14 12 . . . . . . . . . Select Force Hacks 30 | . 30 . . . . . . . . . . . . . Disable Machine 60 | . 15 . . . 45 . . . . . . . . . Destroy Structure 115 | . 44 15 . 1 21 . . . . 34 . . . . Partial Spotted 15 | . . . . . 15 . . . . . . . . . Lose Combat Pursuer 360 | . . 15 60 15 . . 120 . . . 30 120 . . Influence Decreases 2846 | . 415 475 173 122 412 516 59 70 91 148 30 246 89 . Entered New Map 312 | . . 84 8 22 2 120 2 70 . . . . 4 . Time Decay 1929 | . 375 361 96 94 313 286 37 . 73 86 30 136 42 . Lost Part 422 | . 30 30 50 . 37 70 20 . . 32 . 110 43 . Lost Ally 174 | . 10 . 10 6 60 40 . . 18 30 . . . . Purge Threat 9 | . . . 9 . . . . . . . . . . . Squads Dispatched 16 | . 4 2 2 2 5 . . . . . . 1 . . Investigation 9 | . 4 2 1 1 1 . . . . . . . . . Extermination 1 | . . . . . 1 . . . . . . . . . Reinforcement 3 | . . . 1 . 2 . . . . . . . . . Assault 1 | . . . . . . . . . . . . 1 . . Garrison 2 | . . . . 1 1 . . . . . . . . . Intercept . | . . . . . . . . . . . . . . . Searches Triggered . | . . . . . . . . . . . . . . . Construction Impeded . | . . . . . . . . . . . . . . . Haulers Reinforced . | . . . . . . . . . . . . . . . Active Scanning Responses . | . . . . . . . . . . . . . . . Cargo Convoy Interrupts 1 | . . . . . 1 . . . . . . . . . Stealth | -11 -10 -9 -8 -7 -6 -6 -6 -6 -5 -5 -5 -5 -5 -4 --------- Run | Yrd Mat Mat Mat Fac Fac Low Low Zio Pro Fac Upp Upp War Pro Distress Signals 4 | . . . 1 1 1 . . . . . . . 1 . Communications Jammed . | . . . . . . . . . . . . . . . Distress Signals . | . . . . . . . . . . . . . . . Times Spotted 170 | . 22 17 9 11 33 7 12 . 2 5 4 19 27 2 Peak Tracking Total 24 | . 4 5 3 6 12 3 7 . 2 4 4 7 24 2 Tactical Retreats 15 | . . 1 2 1 . . 2 . . . 2 6 1 . ECM-based Alert Blocks 3 | . . . . . . . . . . . 1 . 2 . Traps | -11 -10 -9 -8 -7 -6 -6 -6 -6 -5 -5 -5 -5 -5 -4 ------- Run | Yrd Mat Mat Mat Fac Fac Low Low Zio Pro Fac Upp Upp War Pro Traps Triggered 4 | . 1 1 . . 2 . . . . . . . . . Indirectly . | . . . . . . . . . . . . . . . Trap Hack Attempts 20 | . 1 . . . 19 . . . . . . . . . Triggered . | . . . . . . . . . . . . . . . Disarmed 1 | . 1 . . . . . . . . . . . . . Reprogrammed 3 | . . . . . 3 . . . . . . . . . Reused . | . . . . . . . . . . . . . . . Traps Extracted . | . . . . . . . . . . . . . . . Installed . | . . . . . . . . . . . . . . . Triggered . | . . . . . . . . . . . . . . . Machines | -11 -10 -9 -8 -7 -6 -6 -6 -6 -5 -5 -5 -5 -5 -4 ---------- Run | Yrd Mat Mat Mat Fac Fac Low Low Zio Pro Fac Upp Upp War Pro Machines Disabled 6 | . 1 . . . 3 . . . . . . . 2 . Max in Single Turn 2 | . 1 . . . . . . . . . . . 2 . Garrison Access 2 | . . . . . 2 . . . . . . . . . Machines Repaired . | . . . . . . . . . . . . . . . Machines Dismantled . | . . . . . . . . . . . . . . . Machines Sabotaged . | . . . . . . . . . . . . . . . Overloaded Fab Kills . | . . . . . . . . . . . . . . . Hacking | -11 -10 -9 -8 -7 -6 -6 -6 -6 -5 -5 -5 -5 -5 -4 --------- Run | Yrd Mat Mat Mat Fac Fac Low Low Zio Pro Fac Upp Upp War Pro Machines Accessed 42 | . 9 8 3 3 8 1 . . . 1 . . 9 . Terminals 20 | . 7 6 2 . 4 . . . . 1 . . . . Fabricators 3 | . . . . 2 1 . . . . . . . . . Repair Stations . | . . . . . . . . . . . . . . . Recycling Units 3 | . 2 1 . . . . . . . . . . . . Scanalyzers 3 | . . 1 1 . 1 . . . . . . . . . Garrison Access 3 | . . . . 1 2 . . . . . . . . . Total Hacks 124 | . 27 26 13 10 22 1 . . . 1 . . 24 . Successful 81 | . 16 15 10 5 9 1 . . . 1 . . 24 . Failed 43 | . 11 11 3 5 13 . . . . . . . . . Catastrophic 7 | . 2 1 1 . 3 . . . . . . . . . Database Lockouts . | . . . . . . . . . . . . . . . Manual 63 | . 21 17 9 5 7 . . 1 . 2 . . 1 . Terminals 60 | . 22 15 11 . 11 . . . . 1 . . . . Fabricators 9 | . . . . 4 5 . . . . . . . . . Repair Stations . | . . . . . . . . . . . . . . . Recycling Units 10 | . 5 5 . . . . . . . . . . . . Scanalyzers 9 | . . 6 2 . 1 . . . . . . . . . Garrison Access 11 | . . . . 6 5 . . . . . . . . . Terminal Hacks 37 | . 5 1 4 . 1 1 . . . 1 . . 24 . Record 17 | . . . . . . . . . . . . . 17 . Prototype ID Bank 7 | . 1 . . . . . . . . . . . 6 . Open Door 2 | . . . . . . 1 . . . . . . 1 . Open DSF 2 | . . . . . 1 . . . . 1 . . . . Branch Access Points 1 | . . . 1 . . . . . . . . . . . Scanalyzer Index 1 | . 1 . . . . . . . . . . . . . Unreport Threat 1 | . . . 1 . . . . . . . . . . . Recall Investigation 2 | . 1 1 . . . . . . . . . . . . Recall Reinforcements 1 | . . . 1 . . . . . . . . . . . Hauler Manifests 1 | . . . 1 . . . . . . . . . . . Zone Layout 2 | . 2 . . . . . . . . . . . . . Fabricator Hacks 5 | . . . . 2 3 . . . . . . . . . Network Status 3 | . . . . 1 2 . . . . . . . . . Build 2 | . . . . 1 1 . . . . . . . . . Repair Station Hacks . | . . . . . . . . . . . . . . . Recycling Unit Hacks 2 | . . 2 . . . . . . . . . . . . Report Inventory 1 | . . 1 . . . . . . . . . . . . Retrieve Components 1 | . . 1 . . . . . . . . . . . . Scanalyzer 6 | . . 4 2 . . . . . . . . . . . Retrieve Study 6 | . . 4 2 . . . . . . . . . . . Garrison Access Hacks 4 | . . . . 1 3 . . . . . . . . . Unlock Access 2 | . . . . 1 1 . . . . . . . . . Seal Access 2 | . . . . . 2 . . . . . . . . . Unauthorized Hacks 27 | . 11 8 4 2 2 . . . . . . . . . Terminals 19 | . 8 6 4 . 1 . . . . . . . . . Track 1 | . 1 . . . . . . . . . . . . . Assimilate 5 | . 1 3 1 . . . . . . . . . . . Botnet 9 | . 4 2 2 . 1 . . . . . . . . . Disrupt 1 | . 1 . . . . . . . . . . . . . Operators 3 | . 1 1 1 . . . . . . . . . . . Fabricators . | . . . . . . . . . . . . . . . Repair Stations . | . . . . . . . . . . . . . . . Recycling Units 5 | . 3 2 . . . . . . . . . . . . Reject 2 | . 1 1 . . . . . . . . . . . . Recyclers 2 | . 1 1 . . . . . . . . . . . . Tunnel 1 | . 1 . . . . . . . . . . . . . Scanalyzers . | . . . . . . . . . . . . . . . Garrison Access 3 | . . . . 2 1 . . . . . . . . . Intercept 2 | . . . . 1 1 . . . . . . . . . Watchers 1 | . . . . 1 . . . . . . . . . . Data Cores Recovered . | . . . . . . . . . . . . . . . Used . | . . . . . . . . . . . . . . . Hacking Detections 26 | . 8 8 3 2 5 . . . . . . . . . Full Trace Events 5 | . 1 1 1 1 1 . . . . . . . . . Feedback Events . | . . . . . . . . . . . . . . . Feedback Blocked . | . . . . . . . . . . . . . . . Robot Schematics Acquired 2 | . . . . . . . . 2 . . . . . . Robots Built 3 | . . . . . 3 . . . . . . . . . Authchips . | . . . . . . . . . . . . . . . Time 152 | . . . . . 152 . . . . . . . . . Total Robot Build Rating 15 | . . . . . 15 . . . . . . . . . Part Schematics Acquired 16 | . . . . . . . . 16 . . . . . . Parts Built . | . . . . . . . . . . . . . . . Authchips . | . . . . . . . . . . . . . . . Time 53 | . . . . 53 . . . . . . . . . . Total Part Build Rating . | . . . . . . . . . . . . . . . Part Studies Acquired 6 | . . 4 2 . . . . . . . . . . . Parts Repaired . | . . . . . . . . . . . . . . . Time . | . . . . . . . . . . . . . . . Parts Recycled . | . . . . . . . . . . . . . . . Recycled Matter . | . . . . . . . . . . . . . . . Retrieved Matter . | . . . . . . . . . . . . . . . Retrieved Components 9 | . . 9 . . . . . . . . . . . . Parts Scanalyzed . | . . . . . . . . . . . . . . . Part Schematics Acquired . | . . . . . . . . . . . . . . . Parts Damaged . | . . . . . . . . . . . . . . . Bothacking | -11 -10 -9 -8 -7 -6 -6 -6 -6 -5 -5 -5 -5 -5 -4 ------------ Run | Yrd Mat Mat Mat Fac Fac Low Low Zio Pro Fac Upp Upp War Pro Used RIF Installer . | . . . . . . . . . . . . . . . Robots Hacked 9 | . . 2 1 . 4 . . . . 1 . . 1 . Non-combat 7 | . . 2 . . 4 . . . . 1 . . . . Combat 2 | . . . 1 . . . . . . . . . 1 . Robot Hacks Applied 12 | . . 3 1 . 5 . . . . 2 . . 1 . parse_system 5 | . . 1 1 . 1 . . . . 1 . . 1 . no_distress 6 | . . 2 . . 3 . . . . 1 . . . . find_chute 1 | . . . . . 1 . . . . . . . . . Relay Couplers Released . | . . . . . . . . . . . . . . . Fabnet Peak Effective % . | . . . . . . . . . . . . . . . Robots Rewired 6 | . . . . . 6 . . . . . . . . . Allies Hacked 1 | . . . . . 1 . . . . . . . . . Hacks Repelled . | . . . . . . . . . . . . . . . Allies | -11 -10 -9 -8 -7 -6 -6 -6 -6 -5 -5 -5 -5 -5 -4 -------- Run | Yrd Mat Mat Mat Fac Fac Low Low Zio Pro Fac Upp Upp War Pro Total Allies 16 | . 1 1 1 . 9 . . 4 . . . . . . Largest Group 9 | . 1 1 2 1 9 3 . 4 4 2 . . . . Highest-Rated Group 269 | . 10 10 20 8 269 90 . 155 155 72 . . . . Highest-Rated Ally 41 | . 10 10 10 8 40 32 . 41 41 38 . . . . Total Orders 5 | . . . . . 3 . . . . 1 . . 1 . STAY 1 | . . . . . 1 . . . . . . . . . FOLLOW 2 | . . . . . 2 . . . . . . . . . RETURN 2 | . . . . . . . . . . 1 . . 1 . Ally Attacks 153 | . . . . . 110 25 . . 15 3 . . . . Total Damage 3287 | . . . . . 2383 368 . . 472 64 . . . . Kills 27 | . . . . . 18 6 . . 2 1 . . . . Allies Corrupted . | . . . . . . . . . . . . . . . Allies Melted 1 | . . . . . . . . . . . . . 1 . Intel | -11 -10 -9 -8 -7 -6 -6 -6 -6 -5 -5 -5 -5 -5 -4 ------- Run | Yrd Mat Mat Mat Fac Fac Low Low Zio Pro Fac Upp Upp War Pro Active Infowar (turns) 10418 | . 1435 486 153 360 1131 628 282 1938 607 569 688 951 1040 150 Optics 8982 | . . 485 153 360 1131 628 282 1938 607 569 688 951 1040 150 Sensors 4232 | . . 262 . . . 264 282 1933 607 569 315 . . . Terrain 1435 | . 1435 . . . . . . . . . . . . . Traps 1661 | . . . . . 114 628 254 . . 278 365 . . 22 Decoding 913 | . . . . . . . . . . . . . 763 150 Machine Analysis 2408 | . . . . . . . . . . . 267 951 1040 150 Jamming 248 | . . . . . . . . . . 248 . . . . ECM 1397 | . . 25 . . . . . . . . 151 477 744 . Robot Analysis Total . | . . . . . . . . . . . . . . . Derelict Logs Recovered 10 | . . . . . . 1 2 2 . . 1 3 . 1 Drone Launches 2 | . . . . . . . . . . 1 . . 1 . Drone Recoveries 2 | . . . . . . . . . . 1 . . 1 . Exploration | -11 -10 -9 -8 -7 -6 -6 -6 -6 -5 -5 -5 -5 -5 -4 ------------- Run | Yrd Mat Mat Mat Fac Fac Low Low Zio Pro Fac Upp Upp War Pro Turns Passed 11551 | 79 1584 1069 475 360 1131 628 282 1938 607 569 688 951 1040 150 Spaces Moved 8163 | 44 566 345 326 532 1166 951 442 1351 377 250 398 395 815 205 Core 544 | 3 . . 11 . 21 . . 173 . . 84 8 183 61 Treads 2040 | 41 566 345 92 . . . . 1 129 245 309 312 . . Legs 1489 | . . . . . . . . 1156 248 5 5 75 . . Wheels . | . . . . . . . . . . . . . . . Hover 776 | . . . . . . . . . . . . . 632 144 Flight 3314 | . . . 223 532 1145 951 442 21 . . . . . . Fastest Speed 23 | 50 160 200 27 29 23 23 26 32 120 160 50 50 50 50 Average Speed 106 | 152 210 233 94 29 32 26 27 128 140 204 166 214 121 71 Slowest Speed 650 | 160 320 320 200 34 350 29 32 200 190 260 250 650 236 80 Overloaded Moves 36 | . . . . . . . 36 . . . . . . . Propulsion Burnouts . | . . . . . . . . . . . . . . . Robots Hopped 11 | . . . 2 3 5 . . 1 . . . . . . Potential Cave-ins 2 | . . . . . . . . . . . . . 2 . Cave-ins Triggered . | . . . . . . . . . . . . . . . Exploration Rate (%) 49 | 4 86 33 25 10 22 93 58 94 67 3 67 53 87 39 Regions Visited 14 Branch Regions 8 Pre-discovered Areas 3 | . 1 . . . . . . 2 . . . . . . Known Exits Taken 12 | . . 1 1 1 1 1 1 1 1 1 1 1 1 . Unknown Exits Taken 2 | 1 1 . . . . . . . . . . . . . Scrap Searched 17 | . . . . . . 3 2 2 2 . 3 3 . 2 Spaces Dug 9 | . 3 . . 1 . 1 1 . . . . 3 . . Terrain Destroyed 140 | . 43 13 . 1 6 1 1 . 2 17 . 32 24 . Melee 8 | . 3 . . 1 . 1 1 . . . . 2 . . Projectile 49 | . . . . . . . . . 2 17 . 30 . . AOE 83 | . 40 13 . . 6 . . . . . . . 24 . Terrain Rammed . | . . . . . . . . . . . . . . . Walls Destroyed . | . . . . . . . . . . . . . . . Machines Disabled . | . . . . . . . . . . . . . . . Actions | -11 -10 -9 -8 -7 -6 -6 -6 -6 -5 -5 -5 -5 -5 -4 --------- Run | Yrd Mat Mat Mat Fac Fac Low Low Zio Pro Fac Upp Upp War Pro Total 10581 | 53 879 543 471 713 1852 1297 596 1523 446 280 419 442 856 211 Wait 1820 | . 215 106 89 159 568 318 149 136 52 . 1 9 18 . Move 8128 | 43 565 344 321 525 1156 950 441 1348 376 249 397 394 814 205 Hop 10 | . . . 2 3 4 . . 1 . . . . . . Pick Up 75 | 3 24 11 6 5 9 4 . 3 3 . 2 2 1 2 Fast Attach 67 | 6 2 6 6 2 7 1 1 6 2 8 7 6 6 1 Attach 43 | . 2 6 7 4 6 4 . 2 . 3 4 1 3 1 Detach 22 | . . 4 6 . 3 . 1 1 . 3 2 . 2 . Swap 64 | 1 14 13 6 1 15 3 . . 4 2 . 1 4 . Drop 66 | . 7 12 11 2 14 1 1 4 3 . 3 2 4 2 Fire 134 | . 39 33 7 1 2 . . . 6 15 2 25 4 . Melee 131 | . 10 8 9 11 49 16 3 22 . . 1 2 . . Ram 1 | . . . 1 . . . . . . . . . . . Kick . | . . . . . . . . . . . . . . . Crush . | . . . . . . . . . . . . . . . Escape Stasis . | . . . . . . . . . . . . . . . Rewire . | . . . . . . . . . . . . . . . Trap 20 | . 1 . . . 19 . . . . . . . . . Miscellaneous . | . . . . . . . . . . . . . . . Route ------- -11/Scrapyard -10/Materials (discovered 3 exits: *Mat x3) -9/Materials (discovered 2 exits: *Mat / [*Min]) -8/Materials -7/Factory (discovered 3 exits: *Fac / [*Low] / Gar) -6/Factory -6/Lower Caves -6/Lower Caves (discovered 2 exits: *Fac / *Zio) -6/Zion -5/Proximity Caves -5/Factory (discovered 2 exits: *Upp / Ext) -5/Upper Caves -5/Upper Caves -5/Warlord -4/Proximity Caves (discovered 1 exit: Fac) History --------- Turn | Location | Event 41 | -11/Scrapyard | Discovered new exit (range 16) 80 | -11/Scrapyard | Entered Materials 309 | -10/Materials | Discovered new exit (range 6) 315 | -10/Materials | Build established: Mutant 933 | -10/Materials | Discovered new exit (range 16) 1206 | -10/Materials | Discovered new exit (range 9) 1664 | -10/Materials | Entered another Materials area 1664 | -9/Materials | Evolved 2 slots: Propulsion x1, Utility x1 1844 | -9/Materials | Discovered new exit (range 18) 2058 | -9/Materials | System corruption reached 10% 2203 | -9/Materials | Lost 3 parts (1n2u) 2726 | -9/Materials | Discovered new exit (range 4) 2733 | -9/Materials | Identified exit to Materials 2733 | -9/Materials | Entered another Materials area 2733 | -8/Materials | Accompanied by 1 ally 2733 | -8/Materials | Evolved 2 slots: Propulsion x1, Utility x1 3118 | -8/Materials | Lost 5 parts (5n) 3168 | -8/Materials | Met 7R-MNS 3191 | -8/Materials | Discovered new exit (range 5) 3194 | -8/Materials | Identified exit to Factory 3208 | -8/Materials | Entered Factory 3208 | -7/Factory | Accompanied by 1 ally 3208 | -7/Factory | Evolved 2 slots: Propulsion x1, Utility x1 3209 | -7/Factory | Caught up to 7R-MNS 3312 | -7/Factory | Discovered new exit (range 14) 3346 | -7/Factory | Garrison activated, responded to threat 3352 | -7/Factory | Identified exit to Garrison 3511 | -7/Factory | Build established: Scavenger-Sprinter 3530 | -7/Factory | Discovered new exit (range 19) 3567 | -7/Factory | Identified exit to Factory 3568 | -7/Factory | Entered another Factory area 3568 | -6/Factory | Evolved 2 slots: Power x1, Utility x1 3569 | -6/Factory | Caught up to 7R-MNS 3609 | -6/Factory | Identified exit to Garrison 3907 | -6/Factory | Fabricated G-50 Soldier? 4226 | -6/Factory | Build established: Commander-Sprinter 4347 | -6/Factory | Cargo convoy interrupted 4402 | -6/Factory | Lost 3 allies 4469 | -6/Factory | Garrison activated, responded to threat 4492 | -6/Factory | Attacked by 7R-MNS 4513 | -6/Factory | 7R-MNS lamented failing the tripod run 4513 | -6/Factory | Allies destroyed 7R-MNS 4589 | -6/Factory | Discovered new exit (range 21) 4603 | -6/Factory | Identified exit to Lower Caves 4699 | -6/Factory | Entered Lower Caves 4699 | -6/Lower Caves | Accompanied by 3 allies 4770 | -6/Lower Caves | Build established: Scavenger-Sprinter 4917 | -6/Lower Caves | Encountered a Warlord checkpoint 5078 | -6/Lower Caves | Lost 6 parts (1p4n1u) 5207 | -6/Lower Caves | Identified exit to Lower Caves 5327 | -6/Lower Caves | Entered another Lower Caves area 5328 | -6/Lower Caves | Encountered a Warlord checkpoint 5446 | -6/Lower Caves | Identified exit to Factory 5520 | -6/Lower Caves | Attacked by a delusional Derelict stockpiling parts 5560 | -6/Lower Caves | Learned Factory terminal intel 5595 | -6/Lower Caves | Attracted the attention of an 0b10 checkpoint 5607 | -6/Lower Caves | Discovered new exit (range 4) 5608 | -6/Lower Caves | Identified exit to Zion 5609 | -6/Lower Caves | Entered Zion 5612 | -6/Zion | Lost 5 parts (2p2n1w) 5734 | -6/Zion | Given the Hacking Drone Bay 5734 | -6/Zion | Found Prototype Device 5789 | -6/Zion | Discovered new exit (range 20) 5827 | -6/Zion | Identified exit to Proximity Caves 5895 | -6/Zion | System corruption cleaned by Quarantine Array 5907 | -6/Zion | Build established: Derelict-Assassin 5913 | -6/Zion | Learned location of Armory (-4) 6238 | -6/Zion | Learned Factory security intel 6254 | -6/Zion | Received a visual enhancement algorithm 6256 | -6/Zion | Ran a visual enhancement algorithm 6404 | -6/Zion | Learned Factory garrison access intel 6912 | -6/Zion | Met Imprinter 6932 | -6/Zion | Imprinted 6934 | -6/Zion | Declared Zion's savior 7547 | -6/Zion | Entered Proximity Caves 7547 | -5/Proximity Caves | Accompanied by 4 allies 7701 | -5/Proximity Caves | Identified Hacking Drone Bay 8133 | -5/Proximity Caves | Discovered exit to Factory (range 8) 8154 | -5/Proximity Caves | Entered Factory 8154 | -5/Factory | Accompanied by 2 allies 8154 | -5/Factory | Evolved 2 slots: Utility x1, Weapon x1 8155 | -5/Factory | Identified exit to Extension 8157 | -5/Factory | Loaded intel: 28 terminal locations 8158 | -5/Factory | Loaded intel: 4 garrison access locations 8192 | -5/Factory | Identified exit to DSF 8438 | -5/Factory | Lost 5 parts (4n1u) 8441 | -5/Factory | Discovered new exit (range 19) 8508 | -5/Factory | Identified exit to Upper Caves 8723 | -5/Factory | Entered Upper Caves 8727 | -5/Upper Caves | Build established: Scavenger-Skirmisher 8853 | -5/Upper Caves | Learned Factory emergency access door positions 8998 | -5/Upper Caves | Spotted B-75 Beast 9153 | -5/Upper Caves | Lost 10 parts (1p5n2u2w) 9384 | -5/Upper Caves | Discovered new exit (range 18) 9409 | -5/Upper Caves | Identified exit to Upper Caves 9411 | -5/Upper Caves | Entered another Upper Caves area 9424 | -5/Upper Caves | Learned Factory terminal intel 9559 | -5/Upper Caves | Build established: Scavenger-Mutant 9608 | -5/Upper Caves | Learned Factory terminal intel 9979 | -5/Upper Caves | Attracted the attention of an 0b10 checkpoint 10177 | -5/Upper Caves | Lost 4 parts (2p2n) 10324 | -5/Upper Caves | Discovered new exit (range 17) 10341 | -5/Upper Caves | Attracted the attention of an 0b10 outpost 10361 | -5/Upper Caves | Identified exit to Warlord 10362 | -5/Upper Caves | Core integrity fell below 50% 10362 | -5/Upper Caves | Entered Warlord 10390 | -5/Warlord | Lost 6 parts (1p1n2u2w) 10392 | -5/Warlord | Discovered new exit (range 15) 10408 | -5/Warlord | Identified exit to Proximity Caves 10426 | -5/Warlord | System corruption cleaned by Quarantine Array 10571 | -5/Warlord | Rebuked by Warlord 10578 | -5/Warlord | Warlord's base attacked by MAIN.C 10636 | -5/Warlord | Found Prototype Launcher 10636 | -5/Warlord | Identified Vortex Catalyst Activator 10643 | -5/Warlord | Found Prototype Piercing Weapon 10643 | -5/Warlord | Identified Vortex Lance 10647 | -5/Warlord | Found Vortex Lance 10802 | -5/Warlord | Ran a visual enhancement algorithm 10928 | -5/Warlord | Warlord forces counterattacked 10930 | -5/Warlord | Build established: Mutant 11253 | -5/Warlord | Warlord base infiltrated, sounded retreat 11255 | -5/Warlord | Spotted Executioner 11255 | -5/Warlord | Spotted Executioner 11258 | -5/Warlord | Destroyed Executioner 11315 | -5/Warlord | Lost 9 allies 11383 | -5/Warlord | Spotted Executioner 11383 | -5/Warlord | Spotted Executioner 11402 | -5/Warlord | Entered Proximity Caves 11432 | -4/Proximity Caves | Lost 6 parts (2p1n3u) 11464 | -4/Proximity Caves | Identified exit to Factory 11515 | -4/Proximity Caves | Core integrity fell below 20% 11552 | -4/Proximity Caves | Destroyed by P-70 Sage with Tesla Rifle Last Messages --------------- 11448_ Searching scrap... 11448_ Found Mak. Trap Scanner. 11448_ Found Imp. Thermal Shield. 11448_ Found 48 Matter. 11450_ Acquired Mak. Trap Scanner. 11455_ Acquired Imp. Thermal Shield. 11456_ Acquired 20 matter. 11464_ Acquired derelict log, extracted data. Loading 1 Proximity Caves exit... 11521_ Backup Propulsion III destroyed. 11521_ Dropped Mak. Trap Scanner. 11543_ Searching scrap... 11543_ Found Mak. Power Source. 11543_ Found Phasing Sabre. 11543_ Found Matter Neutralizer. 11543_ Found Imp. Remote Datajack. 11543_ Found 47 Matter. 11544_ Dropped Imp. Remote Datajack. 11544_ Acquired Imp. Remote Datajack. 11547_ Mak. Spear destroyed. Map ----- +----------------------------------------------------+ | ?????????????????????????????????????????????????? | | ?????????????????????????????????????????????????? | | ?????????????????????????????????????????????????? | | ????????????????????????####?????????????????????? | | ???????????????????????? #?????????????????????? | | ???????????????????????? #?????????????????????? | | ????????????????????????# #?????????????????????? | | ??????????# #########] #?????????????????????? | | ?????????# /%* #?????????????????????? | | ??????????# ####### #?????????????????????? | | ???????????????????????##| #?????????????